 Dungeon Crawl Stone Soup version 0.31.0-11-ge490571c62 (webtiles) character file.

Game seed: 16752380467802068380

360750 Drazool the Metamorph (level 22, -6/330 HPs)
             Began as a Naga Shapeshifter on Jan 30, 2024.
             Was a Believer of Uskayaw.
             Mangled by a deep troll simulacrum (22 damage)
             ... on level 1 of the Depths.
             The game lasted 03:07:38 (58606 turns).

Drazool the Metamorph (Naga Shapeshifter)          Turns: 58606, Time: 03:07:40

Health: -6/330     AC: 13    Str: 31    XL:     22   Next: 44%
Magic:  28/32      EV: 13    Int: 11    God:    Uskayaw [**....]
Gold:   1290       SH:  0    Dex: 17    Spells: 23/31 levels left

rFire   + +          .
                       - Unarmed
rCold   . . .        (shield currently unavailable)
rNeg    . . .        a - melded +0 chain mail {Will+}
rPois   +            w - melded +1 helmet
rElec   .            X - melded +1 cloak
rCorr   .            Y - melded +1 pair of gloves
SInv    +            j - melded +0 barding
Will    +++..        m - amulet of Vitality {RegenMP++ Regen++}
Stlth   ++++++       C - ring of protection from cold
HPRegen 2.35/turn    W - ring of willpower
MPRegen 1.03/turn

%: no passive effects
@: mighty, dragon-form, flying, invisible
A: dragon claw, dragon scales, breathe fire, flying, boosted hp, AC +7, giant,
see invisible, (deformed body), (poison resistance), (slowness 2), spit poison
1, (naga tail 2)
}: 2/15 runes: decaying, serpentine
a: Spit Poison, Breathe Fire, Begin Untransformation, Renounce Religion, Stomp,
Line Pass


You were on level 1 of the Depths.
You worshipped Uskayaw.
Uskayaw was pleased with you.
You were a fearsome dragon!
You visited 9 branches of the dungeon, and saw 41 of its levels.
You visited the Abyss 1 time.
You visited 1 bazaar.
You also visited: Volcano.

You collected 4889 gold pieces.
You spent 3599 gold pieces at shops.


Innate Abilities, Weirdness & Mutations

You are a fearsome dragon!
You have a powerful clawing attack.
Your giant scaled body is strong and resilient, but less evasive.
You can breathe fire.
You are flying.
Your maximum health is greatly increased.
Your armour is entirely melded.
You are incapable of wielding weapons or throwing items.
((Your serpentine skin is tough. (AC +7)))
You have supernaturally acute eyesight. (SInv)
((Armour fits poorly on your strangely shaped body.))
((Your system is resistant to poisons. (rPois)))
((You cover ground very slowly.))
You can spit poison.
((You can use your snake-like lower body to constrict enemies.))


   Skills:
 - Level 18.0 Fighting
 - Level 4.0 Throwing
 - Level 10.4 Dodging
 - Level 15.0 Stealth
 - Level 18.0 Unarmed Combat
 - Level 5.0 Spellcasting
 - Level 9.0 Translocations
 - Level 5.0 Ice Magic
 + Level 7.5 Air Magic
 - Level 14.0 Invocations
 - Level 8.0 Evocations
 - Level 18.0 Shapeshifting


You had 23 spell levels left.
You knew the following spells:

 Your Spells              Type           Power      Damage    Failure   Level
m - Magic Dart            Conj           8%         1d3       22%         1
o - Ozocubu's Armour      Ice            13%        N/A       9%          3
X - Vhi's Electric Charg  Tloc/Air       40%        N/A       7%          4

Your spell library contained the following spells:

 Spells                   Type           Power      Damage    Failure   Level
 Apportation              Tloc           44%        N/A       1%          1
 Gell's Gravitas          Tloc           22%        N/A       1%          3
 Teleport Other           Tloc           22%        N/A       1%          3
 Swiftness                Air            19%        N/A       3%          3
 Ensorcelled Hibernation  Hex/Ice        16%        N/A       12%         2
 Necrotise                Necr           8%         1d4       22%         1
 Sting                    Conj/Alch      8%         1d3       22%         1
 Summon Small Mammal      Summ           8%         N/A       22%         1
 Mephitic Cloud           Conj/Alch/Air  8%         N/A       22%         3
 Summon Ice Beast         Ice/Summ       8%         N/A       22%         3
 Searing Ray              Conj           4%         2d4       32%         2
 Sublimation of Blood     Necr           2%         N/A       32%         2
 Dimensional Bullseye     Hex/Tloc       6%         N/A       32%         4
 Iskenderun's Mystic Bla  Conj/Tloc      12%        2d5       32%         4
 Summon Lightning Spire   Summ/Air       11%        N/A       41%         4
 Inner Flame              Hex/Fire       2%         N/A       54%         3
 Passwall                 Erth           2%         N/A       54%         3
 Tukima's Dance           Hex            2%         N/A       54%         3
 Dispersal                Tloc           11%        N/A       63%         6
 Arcjolt                  Conj/Air       5%         1d15      77%         5
 Animate Armour           Summ/Erth      4%         N/A       91%         4
 Animate Dead             Necr           2%         N/A       91%         4
 Fulminant Prism          Conj/Alch      1%         3d5       91%         4
 Petrify                  Alch/Erth      2%         N/A       91%         4
 Metabolic Englaciation   Hex/Ice        4%         N/A       91%         5
 Borgnjor's Vile Clutch   Necr/Erth      1%         N/A       99%         5
 Irradiate                Conj/Alch      1%         3d12      99%         5
 Lee's Rapid Deconstruct  Erth           1%         3d4*      99%         5
 Summon Mana Viper        Hex/Summ       2%         N/A       99%         5
 Death Channel            Necr           1%         N/A       100%        6
 Plasma Beam              Fire/Air       5%         2x1d16    100%        6
 Sculpt Simulacrum        Ice/Alch       4%         N/A       100%        6
 Enfeeble                 Hex            1%         N/A       100%        7
 Monstrous Menagerie      Summ           1%         N/A       100%        7

Inventory:

Hand Weapons
 Q - a +1 eveningstar of flaming
Missiles
 L - 16 curare-tipped darts {=f}
 M - 41 poisoned darts
Armour
 a - a +0 chain mail of willpower (melded)
 j - a +0 barding (melded)
 w - a +1 helmet (melded)
 X - a +1 cloak (melded)
 Y - a +1 pair of gloves (melded)
Jewellery
 d - the amulet "Ufueleil" {Reflect Regen+ Dex+3 SH+5}
   (You bought it in a shop in a bazaar)

   [amulet of reflection]

   Reflect:   It reflects blocked missile attacks.
   Dex+3:     It affects your dexterity (+3).
   Regen+:    It increases your rate of health regeneration.
   SH+5:      It affects your SH (+5).
 m - the amulet of Vitality (around neck) {RegenMP++ Regen++}
   (You bought it in a shop in a bazaar)

   [amulet of magic regeneration]

   RegenMP:   It increases your rate of magic regeneration.
   Regen++:   It increases your rate of health regeneration.
 s - an amulet of the acrobat
 C - a ring of protection from cold (left foreclaw)
 F - a ring of protection from fire
 S - a +6 ring of strength
 T - a +4 ring of protection
 W - a ring of willpower (right foreclaw)
Talismans
 U - a dragon-blood talisman (active)
Wands
 h - a wand of charming (29)
 n - a wand of quicksilver (28)
 x - a wand of polymorph (34)
 A - a wand of iceblast (21)
 E - a wand of flame (63)
 G - a wand of digging (3)
 N - a wand of mindburst (27)
Scrolls
 c - a scroll of summoning
 f - 5 scrolls of fog
 o - 20 scrolls of teleportation {@r2}
 q - a scroll of vulnerability
 r - 2 scrolls of silence {!r}
 y - 2 scrolls of identify {@r1}
 H - 3 scrolls of revelation
 I - 10 scrolls of poison
 K - 7 scrolls of immolation
 O - 3 scrolls of fear
 V - 2 scrolls of enchant armour
 Z - a scroll of amnesia
Potions
 b - 7 potions of lignification
 e - 5 potions of mutation
 g - 6 potions of enlightenment
 i - 2 potions of resistance
 l - 19 potions of curing {@q1}
 t - 3 potions of ambrosia
 u - 5 potions of cancellation
 v - 4 potions of haste {@q3}
 z - 6 potions of might
 D - a potion of berserk rage {!q}
 J - 5 potions of magic
 P - 2 potions of invisibility
 R - 9 potions of heal wounds {@q2}
Miscellaneous
 p - a tin of tremorstones (2/2)
 B - a phial of floods

Dungeon Overview and Level Annotations

Branches:
Dungeon (15/15)            Temple (1/1) D:5            Lair (5/5) D:8
  Swamp (4/4) Lair:2        Snake (4/4) Lair:2        Slime (0/5) Lair:5
    Orc (2/2) D:11            Elf (3/3) Orc:2        Vaults (5/5) D:13
  Crypt (0/3) Vaults:2     Depths (2/4) D:15        Volcano (visited)

Altars:
Ashenzari
Cheibriados
Dithmenos
Elyvilon
Fedhas
Gozag
Hepliaklqana
Kikubaaqudgha
Makhleb
Nemelex Xobeh
Okawaru
Qazlal
Ru
Sif Muna
Trog
Uskayaw
Vehumet
Wu Jian
Xom
Yredelemnul
Zin
The Shining One

Shops:
D:3 *   D:5 [   D:11 [   Orc:2 (:([(   Elf:2 [   Elf:3 [   Snake:2 [
Vaults:3 *:   Vaults:4 [!?

Portals:
Hell: Lair:5

Annotations:
D:12 2 transporters, exclusions: ice statue and oklob plant, knightboat's ghost, journeyman GnSh
Swamp:2 2 transporters, Vudadgh's ghost, adept HuWr
Snake:2 3 runed translucent doors
Elf:2 3 runed translucent doors

..........# ..~~..#
..........##......#
.......).........#
............#....#
........>...#....#
...p..[..........#
....##.......TZ.##
....T.[[...[.pZZ..#
....T.......TTZD###
...........)°#T[.#
T............T....#
.........).......##
....~~~~........##
..~~~~~~.......##
≈......##.. ~.#....
#### ~......


You could see 2 iron trolls, a hell knight (fast, soul bound, unable to see
you), a deep troll (soul bound, strong), 2 deep troll shamans, 2 deep troll
simulacra, a hell knight simulacrum (unable to see you) and a deep troll shaman
simulacrum (unable to see you).


Message History

Things that are here:
a +0 plate armour; a +4 demon blade of flaming The deep troll simulacrum attacks as it pursues you!
The deep troll simulacrum bites you but does no damage.
The deep troll simulacrum claws you.
* * * LOW HITPOINT WARNING * * *
The deep troll simulacrum freezes you!!
* * * LOW HITPOINT WARNING * * *
The deep troll simulacrum barely misses you.
The iron troll attacks as it pursues you!
The iron troll bites you!!
* * * LOW HITPOINT WARNING * * *
The iron troll claws you but does no damage.
The iron troll claws you!!
* * * LOW HITPOINT WARNING * * *
The deep troll shaman simulacrum bites you but does no damage.
The deep troll shaman simulacrum claws you but does no damage.
The deep troll shaman simulacrum claws you.
* * * LOW HITPOINT WARNING * * *
The deep troll shaman simulacrum freezes you!
* * * LOW HITPOINT WARNING * * *
The hell knight simulacrum barely misses you.
There is a stone staircase leading down, spattered with blood here.
You fade into invisibility!
The deep troll simulacrum misses you.
The deep troll simulacrum barely misses you.
The deep troll simulacrum claws you.
* * * LOW HITPOINT WARNING * * *
The deep troll simulacrum freezes you!!
You die...

Skill      XL: |  1  2  3  4  5  6  7  8  9 10 11 12 13 14 15 16 17 18 19 20 21 22 |
---------------+-------------------------------------------------------------------+-----
Unarmed Combat | 4 5 7 9 11 13 16 18 | 18.0
Fighting       | 2 3 4 5 7 9 11 14 15 16 18 | 18.0
Shapeshifting  | 4 5 7 8 10 11 12 15 16 17 18 | 18.0
Invocations    | 5 8 9 10 14 | 14.0
Dodging        | 3 4 7 9 10 | 10.4
Stealth        | 4 7 10 12 15 | 15.0
Throwing       | 4 |  4.0
Evocations     | 4 8 |  8.0
Ice Magic      | 5 |  5.0
Air Magic      | 3 7 |  7.5
Translocations | 9 |  9.0
Spellcasting   | 5 |  5.0

Action                     |  1- 3 |  4- 6 |  7- 9 | 10-12 | 13-15 | 16-18 | 19-21 | 22-24 || total
---------------------------+-------+-------+-------+-------+-------+-------+-------+-------++-------
  Melee: Unarmed           |    49 |   171 |   241 |   533 |  1026 |   714 |   769 |   127 ||  3630
         Punch             |       |     2 |     8 |    16 |     4 |    73 |    77 |    14 ||   194
         Maw               |       |       |       |    58 |       |       |       |       ||    58
         Constrict         |       |       |       |       |   198 |       |       |       ||   198
         Tailslap          |       |       |       |       |     9 |    98 |   117 |    19 ||   243
         Bite              |       |       |       |       |     9 |    80 |    83 |    16 ||   188
  Throw: Dart              |       |       |       |     4 |       |       |       |       ||     4
   Cast: Vhi's Electric Ch |       |       |       |       |       |       |    33 |    15 ||    48
 Invoke: Stomp             |       |       |       |       |     2 |     2 |     6 |     5 ||    15
         Grand Finale      |       |       |       |       |       |     1 |     6 |       ||     7
         Line Pass         |       |       |       |       |       |       |     1 |       ||     1
Ability: Spit Poison       |    24 |    62 |    36 |    56 |    84 |    10 |     2 |       ||   274
         Breathe Fire      |       |       |       |       |    22 |    66 |    44 |     4 ||   136
  Evoke: Wand              |       |       |       |     9 |    30 |    11 |     5 |     3 ||    58
         Phial of floods   |       |       |       |       |       |     1 |       |       ||     1
    Use: Scroll            |       |     4 |     9 |     6 |    11 |     8 |     6 |     1 ||    45
         Potion            |       |       |     4 |     4 |     6 |     1 |     2 |     3 ||    20
   Stab: Confused          |       |       |     1 |       |       |       |     1 |       ||     2
         Paralysed         |       |       |     7 |    35 |   101 |    71 |   131 |    17 ||   362
         Sleeping          |       |       |       |     2 |     2 |    17 |    35 |     3 ||    59
         Distracted        |       |       |       |     1 |     2 |     6 |     6 |       ||    15
 Armour: Animal skin       |    21 |   100 |    60 |       |       |       |       |       ||   181
         Skin              |       |       |    69 |   444 |   666 |   699 |   668 |   129 ||  2675
  Dodge: Dodged            |    18 |    69 |   109 |   276 |   630 |   262 |   341 |    70 ||  1775
  Block: Other             |       |       |       |       |       |    13 |    28 |       ||    41
         Reflection        |       |       |       |       |       |       |     6 |       ||     6
   Form: Beast             |       |       |     2 |       |       |       |       |       ||     2
         Flux              |       |       |     1 |     1 |     3 |       |       |       ||     5
                           |       |       |     1 |       |     2 |     1 |       |       ||     4
         Maw               |       |       |       |     1 |       |       |       |       ||     1
         Dragon            |       |       |       |       |     2 |     1 |       |       ||     3

Levels and vault maps discovered:
D:1:      reono_arrival_forest_river, layout_basic
D:2:      layout_basic, uniq_terence
D:3:      layout_basic, serial_shops, shop
D:4:      corexii_shantytown, layout_gridville,
          mainiacjoe_overflow_small_starburst
D:5:      layout_loops_ring, lemuel_temple_firewalk_a, serial_shops,
          nicolae_shop_tiny_glass
D:6:      layout_basic, grunt_ministairs_9
D:7:      layout_basic, regret_index_kikubaaqudgha_part_by_part,
          serial_corexii_hall, chequers_hall_statues_corner_a,
          corexii_hall_statues_i, corexii_hall_statues_x, uniq_jeremiah
D:8:      layout_loops_corners, lair_entry_dummy
D:9:      layout_basic, bh_circular_ruins, uniq_amaemon
D:10:     layout_basic, grunt_gozag_breadcrumbs,
          mainiacjoe_overflow_concentric_impassable, lemuel_flame_loot_1,
          uniq_erica, uniq_nergalle
D:11:     layout_small_grid, orc_david_3, elyvilon_altar_3
D:12:     layout_loops_ring, nzn_ghost_randoct, uniq_sonja, uniq_snorg
D:13:     layout_basic, hangedman_vaults_entry_quadrant_bands, st_stairs_13,
          small_chamber_with_monster
D:14:     layout_long_grid, minmay_misc_feat_doors, uniq_nessos
D:15:     grunt_enter_depths_magical_seal, layout_loops_ring
Temple:   mainiacjoe_temple_coin_purse
Lair:1:   layout_roguey, grunt_megastairs_4, lemuel_fruit_tree
Lair:2:   layout_gridlike, alex1729_swamp_entry_worm_eleionoma,
          nicolae_snake_entry_warm_welcome, gauntlet_entry_generic,
          lemuel_fruit_fields, grunt_megastairs_3, serial_bayou_shore_b
Lair:3:   layout_cave_pods, basic_altar, uniq_josephine
Lair:4:   nzn_winding_woodlands_medium [nzn_winding_woodlands_5x5_closed_star,
          nzn_winding_woodlands_5x15_concentric,
          nzn_winding_woodlands_5x5_cross, nzn_winding_woodlands_5x5_default,
          nzn_winding_woodlands_center_garden, nzn_winding_woodlands_5x5_three,
          nzn_winding_woodlands_hourglass,
          nzn_winding_woodlands_5x15_sidewinder,
          nzn_winding_woodlands_5x5_open_star], layout_gridlike, enter_volcano_2
Lair:5:   evil_forest, layout_hall_layers, slime_entry_1, serial_bayou_pond_d,
          evilmike_ambush [evilmike_ambush_outer_basic,
          evilmike_ambush_inner_basic], infiniplex_staircase_pool_2
Swamp:1:  layout_basic_swamp, evilmike_swamp_ruin_house_2
Swamp:2:  layout_basic_swamp, gammafunk_ghost_mausoleum, nicolae_swamp_godswood,
          nicolae_swamp_long_stream
Swamp:3:  layout_basic_swamp, evilmike_swamp_ruin_house_5
Swamp:4:  swamp_basic_johnstein, layout_basic_swamp, nicolae_swamp_tree_isthmus,
          infiniplex_staircase_pool
Snake:1:  layout_misc_corridors
Snake:2:  nrook_guardian_serpent_snake_passage, layout_cave_town, serial_shops,
          shop, nicolae_snake_horde_hoard
Snake:3:  layout_basic
Snake:4:  grunt_snake_rune_spirals, layout_onion, beargit_elvish_explorers
Orc:1:    layout_diamond_mine, serial_shops, shop
Orc:2:    grunt_orc_community_town_hall, layout_diamond_mine,
          grunt_orc_community_big_house_1, grunt_orc_community_big_house_2,
          grunt_orc_community_house_1, grunt_orc_community_house_3,
          grunt_orc_community_house_3, grunt_orc_community_house_3,
          serial_shops, nicolae_shop_back_alley_shop, uniq_azrael,
          uniq_saint_roka
Elf:1:    layout_geoelf_diagonals, minivault_28, uniq_norris
Elf:2:    nicolae_elf_blades_crystal_corner, layout_geoelf_octagon,
          serial_shops, nicolae_shop_real_fake_doors, uniq_louise
Elf:3:    elf_hall_gauntlet_wide, layout_geoelf_diagonals, serial_shops, shop,
          grunt_megastairs_2, uniq_donald
Vaults:1: vaults_room_pools, nicolae_vaults_stepped_doors,
          ontoclasm_vaults_tryst, nicolae_vaults_apartment_1, v_alt_pattern_1,
          nicolae_vaults_tangram_2, ontoclasm_vaults_decontamination, v_misc_11,
          nicolae_vaults_little_squares_5, nicolae_vaults_house_3, v_misc_4,
          nicolae_vaults_diamond_2, layout_vaults_omnigrid
Vaults:2: minmay_crypt_entry_vampire_xt, nicolae_vaults_trapezoid_lopsided_2,
          nicolae_vaults_frosty_reception, v_pattern_5, hangedman_vaults_nails,
          hangedman_vaults_hat, nicolae_vaults_network_periphery,
          ontoclasm_vaults_idyll, ontoclasm_vaults_eye, vaults_mumra_lcd,
          nicolae_vaults_prndl, nicolae_vaults_apartment_2, vaults_room_pools,
          layout_vaults_omnibox
Vaults:3: ontoclasm_vaults_loading_screen, v_misc_11, v_misc_2,
          nicolae_vaults_apartment_2, v_misc_15, nicolae_vaults_big_ls,
          nicolae_vaults_storage_closets_2, layout_vaults_chaotic_city,
          serial_shops, freezing_bzr, nicolae_shop_advertising_works
          [nicolae_subvault_shop_adworks], shop
Vaults:4: hangedman_vaults_capsules, ontoclasm_vaults_ligature,
          grunt_vaults_funnel, grunt_vaults_hallway_long,
          nicolae_vaults_rhombus_7, hangedman_vaults_hard_town_square,
          nicolae_vaults_alarming, layout_vaults_ring
Vaults:5: uniq_jory, uniq_sojobo
Depths:1: layout_cave_pools, tso_metal_star, hell_entry, nicolae_shop_self_help
Depths:2: minmay_swirls_squares, layout_cave_shapes, pf_hell_entry_tar_river,
          rand_demon_pan_entry_4, nrook_mini_vaults, kennysheep_crisscross,
          roderic_roman_lattice, st_stairs_11

Notes
Turn   | Place    | Note
-------+----------+-------------------------------------------
     0 | D:1      | Drazool the Naga Shapeshifter began the quest for the Orb.
     0 | D:1      | Reached XP level 1. HP: 18/18 MP: 1/1
   155 | D:1      | Reached XP level 2. HP: 8/25 MP: 2/2
   527 | D:1      | Reached skill level 4 in Unarmed Combat
   698 | D:1      | Reached XP level 3. HP: 31/31 MP: 3/3
  1004 | D:2      | Identified the +4 spear of Defiance {heavy, ^Fragile rPois
                  | rN+ Str+4 Dex+3}
  1047 | D:2      | Noticed Terence
  1062 | D:2      | Killed Terence
  1063 | D:2      | Reached skill level 5 in Unarmed Combat
  1063 | D:2      | Reached XP level 4. HP: 21/38 MP: 4/4
  1557 | D:2      | Reached skill level 2 in Fighting
  1787 | D:3      | Found Anadwia's Assorted Antiques.
  1791 | D:3      | Reached XP level 5. HP: 46/46 MP: 5/5
  1801 | D:3      | Bought a scroll labelled YTRYTW UFFUUSO for 33 gold pieces
  1853 | D:3      | Reached skill level 3 in Fighting
  2573 | D:4      | Reached skill level 4 in Shapeshifting
  2573 | D:4      | Reached XP level 6. HP: 53/56 MP: 6/6
  2981 | D:4      | Reached skill level 5 in Shapeshifting
  3288 | D:4      | Found a shimmering altar of Xom.
  3349 | D:4      | Reached XP level 7. HP: 33/62 MP: 7/7
  3581 | D:4      | Reached skill level 6 in Unarmed Combat
  4066 | D:4      | Learned a level 1 spell: Magic Dart
  4141 | D:5      | Entered Level 5 of the Dungeon
  4159 | D:5      | Reached skill level 7 in Unarmed Combat
  4289 | D:5      | Found Eggaz's Armour Shoppe.
  4469 | D:5      | Found a staircase to the Ecumenical Temple.
  4478 | Temple   | Entered the Ecumenical Temple
  4499 | Temple   | Became a worshipper of Uskayaw the Reveller
  4567 | D:5      | Reached * piety under Uskayaw
  4571 | D:5      | Reached XP level 8. HP: 66/69 MP: 8/8
  5093 | D:6      | Reached ** piety under Uskayaw
  5094 | D:6      | Reached skill level 6 in Shapeshifting
  5338 | D:6      | Reached skill level 7 in Shapeshifting
  5338 | D:6      | Reached skill level 1 in Invocations
  5388 | D:6      | Reached skill level 2 in Invocations
  5393 | D:6      | Reached *** piety under Uskayaw
  5396 | D:6      | Reached skill level 3 in Invocations
  5449 | D:6      | Noticed a yak
  5449 | D:6      | Noticed a yak
  5449 | D:6      | Noticed a yak
  5454 | D:6      | Noticed a yak
  5455 | D:6      | Noticed a yak
  5468 | D:6      | Killed a yak
  5469 | D:6      | Reached skill level 4 in Invocations
  5473 | D:6      | Reached **** piety under Uskayaw
  5474 | D:6      | Killed a yak
  5474 | D:6      | Killed a yak
  5475 | D:6      | Reached skill level 5 in Invocations
  5475 | D:6      | Reached skill level 4 in Fighting
  5475 | D:6      | Reached XP level 9. HP: 45/79 MP: 10/12
  5477 | D:6      | Reached ***** piety under Uskayaw
  5480 | D:6      | Reached skill level 5 in Fighting
  5483 | D:6      | Reached skill level 2 in Dodging
  5618 | D:6      | Reached skill level 3 in Dodging
  6502 | D:7      | Reached skill level 8 in Unarmed Combat
  6590 | D:7      | Noticed Jeremiah
  6610 | D:7      | Killed Jeremiah
  6611 | D:7      | Reached skill level 9 in Unarmed Combat
  6864 | D:7      | Reached skill level 8 in Shapeshifting
  6864 | D:7      | Reached XP level 10. HP: 59/88 MP: 13/13
  7256 | D:7      | Found an ancient bone altar of Kikubaaqudgha.
  7651 | D:8      | Found a staircase to the Lair.
  7658 | D:8      | Reached skill level 9 in Shapeshifting
  8306 | D:8      | Reached skill level 6 in Fighting
  8470 | D:8      | You fall into a shaft and drop 2 floors!
  8470 | D:10     | Entered Level 10 of the Dungeon
  8479 | D:10     | Found an opulent altar of Gozag.
  8572 | D:9      | Noticed an orange demon
  8574 | D:9      | Noticed Amaemon
  8585 | D:9      | Killed an orange demon
  8586 | D:9      | Reached skill level 7 in Fighting
  8586 | D:9      | Reached skill level 1 in Stealth
  8587 | D:9      | Killed Amaemon
  8588 | D:9      | Reached skill level 4 in Stealth
  8933 | D:9      | Noticed a two-headed ogre
  8941 | D:9      | Killed a two-headed ogre
  9154 | D:9      | Reached skill level 10 in Shapeshifting
  9211 | D:9      | Reached XP level 11. HP: 84/100 MP: 14/14
  9466 | D:9      | Reached skill level 10 in Unarmed Combat
 10391 | D:10     | Found an iron altar of Okawaru.
 10397 | D:10     | Noticed Nergalle
 10398 | D:10     | Noticed Erica
 10410 | D:10     | Killed Nergalle
 10414 | D:10     | HP: 3/100 [Erica/+4 scimitar of flaming (20)]
 10421 | D:10     | Killed Erica
 10422 | D:10     | Reached skill level 11 in Unarmed Combat
 10808 | D:10     | Reached skill level 8 in Fighting
 11284 | Lair:1   | Entered Level 1 of the Lair of Beasts
 11300 | Lair:1   | Reached skill level 9 in Fighting
 11534 | Lair:1   | Reached skill level 11 in Shapeshifting
 11658 | Lair:1   | Reached XP level 12. HP: 114/114 MP: 15/15
 12253 | Lair:1   | Reached skill level 12 in Shapeshifting
 12530 | Lair:1   | Noticed a boulder beetle
 13238 | Lair:1   | Reached skill level 1 in Throwing
 13255 | Lair:1   | Killed a boulder beetle
 13256 | Lair:1   | Reached skill level 2 in Throwing
 13351 | Lair:2   | Reached skill level 3 in Throwing
 13357 | Lair:2   | HP: 10/114 [wolf (5)]
 13360 | Lair:2   | HP: 2/114 [wolf (5)]
 13784 | Lair:2   | Reached skill level 4 in Throwing
 14375 | Lair:2   | Found a staircase to the Snake Pit.
 14409 | Lair:2   | Reached skill level 10 in Fighting
 14665 | Lair:2   | Noticed a skyshark
 14684 | Lair:2   | Noticed a boulder beetle
 14710 | Lair:2   | Killed a boulder beetle
 14932 | Lair:2   | Killed a skyshark
 14933 | Lair:2   | Reached skill level 11 in Fighting
 15166 | Lair:2   | Found a staircase to the Swamp.
 15166 | Lair:2   | Noticed an eleionoma
 15179 | Lair:2   | Killed an eleionoma
 15424 | Lair:2   | Reached skill level 4 in Dodging
 16087 | Lair:3   | Noticed a skyshark
 16106 | Lair:3   | Killed a skyshark
 16107 | Lair:3   | Gained mutation: You can use your snake-like lower body to
                  | constrict enemies. [Naga growth]
 16107 | Lair:3   | Reached XP level 13. HP: 37/127 MP: 16/16
 16450 | Lair:3   | Reached skill level 5 in Dodging
 16539 | Lair:3   | Reached skill level 6 in Dodging
 16885 | Lair:3   | Noticed Josephine
 16893 | Lair:3   | Killed Josephine
 16912 | Lair:3   | Reached ****** piety under Uskayaw
 16914 | Lair:3   | Reached skill level 7 in Dodging
 17200 | Lair:3   | Reached skill level 5 in Stealth
 17221 | Lair:3   | Reached skill level 6 in Stealth
 17224 | Lair:3   | Reached skill level 7 in Stealth
 17709 | Lair:3   | Found a snail-covered altar of Cheibriados.
 17792 | Lair:3   | Reached skill level 6 in Invocations
 18280 | Lair:4   | Reached skill level 7 in Invocations
 18372 | Lair:4   | Found a dark tunnel.
 18381 | Volcano  | Entered a volcano
 18693 | Volcano  | Noticed a stone giant
 18903 | Volcano  | Killed a stone giant
 18904 | Volcano  | Reached skill level 8 in Invocations
 18904 | Volcano  | Reached skill level 1 in Evocations
 19127 | Volcano  | Found a bloodstained altar of Trog.
 19131 | Volcano  | Reached skill level 2 in Evocations
 19423 | Lair:4   | Reached skill level 3 in Evocations
 19433 | Lair:4   | Reached skill level 4 in Evocations
 19787 | Lair:4   | Reached XP level 14. HP: 111/135 MP: 20/20
 19883 | Lair:4   | Reached skill level 12 in Unarmed Combat
 20519 | Lair:4   | Identified the +0 scale mail "Hiekelyg" {Dex+2}
 20693 | Lair:4   | Reached skill level 13 in Unarmed Combat
 21472 | Lair:5   | Entered Level 5 of the Lair of Beasts
 21784 | Lair:5   | Reached skill level 8 in Dodging
 22168 | Lair:5   | Reached skill level 9 in Dodging
 22306 | Lair:5   | Found a staircase to the Slime Pits.
 22534 | Lair:5   | Reached skill level 9 in Invocations
 22899 | D:3      | Bought 2 dark potions for 59 gold pieces
 22899 | D:3      | Bought a wand of flame (7) for 161 gold pieces
 22899 | D:3      | Bought a glowing hat for 231 gold pieces
 23537 | Lair:5   | Found a burning altar of Makhleb.
 23555 | Lair:5   | Reached XP level 15. HP: 124/142 MP: 22/22
 23849 | Lair:5   | Found a gateway to Hell.
 23951 | Lair:5   | Reached skill level 10 in Invocations
 24861 | D:11     | Found a white marble altar of Elyvilon.
 24871 | D:11     | Identified +0 pearl dragon scales
 24926 | D:11     | Found a staircase to the Orcish Mines.
 24942 | D:11     | Found Zuojaroe's Armour Boutique.
 24985 | D:11     | Identified 2 potions of resistance
 25555 | D:11     | Reached skill level 13 in Shapeshifting
 25833 | Orc:1    | Entered Level 1 of the Orcish Mines
 26101 | Orc:2    | Entered Level 2 of the Orcish Mines
 26376 | Orc:2    | Found a staircase to the Elven Halls.
 27373 | Orc:2    | Found Kuenioh's Antique Weapon Boutique.
 27472 | Orc:2    | Noticed Azrael
 27481 | Orc:2    | Killed Azrael
 27833 | Orc:2    | Noticed Saint Roka
 28066 | D:12     | Found a transporter.
 28070 | D:12     | Noticed knightboat's ghost (journeyman GnSh)
 28156 | D:12     | Found a transporter.
 28165 | D:12     | Reached skill level 14 in Shapeshifting
 28189 | D:12     | Noticed Sonja
 28192 | D:12     | Killed Sonja
 28778 | D:12     | Noticed Snorg
 28795 | D:12     | Killed Snorg
 29897 | D:13     | Reached skill level 15 in Shapeshifting
 29911 | D:13     | Found a gate to the Vaults.
 31180 | D:14     | Reached XP level 16. HP: 151/151 MP: 23/23
 31390 | D:14     | Noticed Nessos
 31407 | D:14     | Killed Nessos
 32230 | D:14     | Reached skill level 16 in Shapeshifting
 32312 | D:15     | Entered Level 15 of the Dungeon
 33244 | D:15     | Reached skill level 14 in Unarmed Combat
 33387 | D:15     | Found a staircase to the Depths.
 33697 | Snake:1  | Entered Level 1 of the Snake Pit
 34012 | Snake:1  | Reached skill level 15 in Unarmed Combat
 35166 | Snake:2  | Found Ugoul's Armour Emporium.
 35248 | Snake:2  | Learned a level 3 spell: Ozocubu's Armour
 35249 | Snake:2  | Found a runed translucent gate.
 35249 | Snake:2  | Found a runed translucent gate.
 35249 | Snake:2  | Found a runed translucent gate.
 35630 | Snake:2  | Noticed a nagaraja
 35662 | Snake:2  | Killed a nagaraja
 35834 | Snake:2  | Reached skill level 16 in Unarmed Combat
 36382 | Snake:3  | Reached XP level 17. HP: 159/159 MP: 24/24
 36421 | Snake:3  | Reached skill level 12 in Fighting
 37087 | Snake:4  | Entered Level 4 of the Snake Pit
 37119 | Snake:4  | Reached skill level 13 in Fighting
 38024 | Snake:4  | Reached skill level 14 in Fighting
 38288 | Snake:4  | Reached skill level 8 in Stealth
 38421 | Snake:4  | Reached skill level 9 in Stealth
 38486 | Snake:4  | Reached skill level 10 in Stealth
 38546 | Snake:4  | Got a serpentine rune of Zot
 39358 | Snake:4  | Reached skill level 17 in Shapeshifting
 39685 | Swamp:1  | Entered Level 1 of the Swamp
 39871 | Swamp:1  | Reached XP level 18. HP: 132/172 MP: 25/25
 40272 | Swamp:1  | Identified the +5 ring mail of Fingab {rPois rC+ Stlth+}
 41075 | Swamp:2  | Reached skill level 18 in Shapeshifting
 41165 | Swamp:2  | Found a transporter.
 41286 | Swamp:2  | Found a transporter.
 41313 | Swamp:2  | Noticed Vudadgh's ghost (adept HuWr)
 41419 | Swamp:2  | Found a hide-covered altar of Uskayaw.
 41704 | Orc:2    | Found Nez Puubb's Antique Armour Shoppe.
 41713 | Orc:2    | Killed Saint Roka
 41714 | Orc:2    | Reached skill level 11 in Invocations
 41756 | Orc:2    | Found Unar's Antique Weapon Emporium.
 41862 | Orc:2    | Found Imown's Book Shoppe.
 41914 | Orc:2    | Found Imuicaud's Antique Weapon Emporium.
 42655 | Swamp:3  | Reached skill level 12 in Invocations
 43263 | Swamp:4  | Entered Level 4 of the Swamp
 43362 | Swamp:4  | Reached skill level 13 in Invocations
 44133 | Swamp:4  | Reached skill level 14 in Invocations
 44652 | Swamp:4  | Got a decaying rune of Zot
 45042 | Elf:1    | Entered Level 1 of the Elven Halls
 45236 | Elf:1    | Reached XP level 19. HP: 182/182 MP: 29/29
 45240 | Elf:1    | Reached skill level 17 in Unarmed Combat
 45403 | Elf:1    | Noticed Norris
 45409 | Elf:1    | Killed Norris
 46127 | Elf:1    | You are sucked into a shaft and drop 1 floor!
 46322 | Elf:2    | Reached skill level 18 in Unarmed Combat
 46571 | Elf:2    | Found Wouxt's Armour Boutique.
 46655 | Elf:2    | Reached skill level 11 in Stealth
 46894 | Elf:2    | Found a runed translucent gate.
 46903 | Elf:2    | Found a runed translucent gate.
 46903 | Elf:2    | Found a runed translucent gate.
 47028 | Elf:2    | Reached skill level 12 in Stealth
 47072 | Elf:1    | Reached skill level 1 in Ice Magic
 47150 | Elf:1    | Reached skill level 2 in Ice Magic
 47390 | Elf:1    | Reached skill level 3 in Ice Magic
 47451 | Elf:1    | Reached skill level 4 in Ice Magic
 47703 | Elf:3    | Entered Level 3 of the Elven Halls
 47778 | Elf:3    | Paralysed by an air elemental for 1 turns
 47843 | Elf:3    | Reached skill level 5 in Ice Magic
 47885 | Elf:3    | Noticed Donald
 47898 | Elf:3    | Killed Donald
 48496 | Elf:3    | Found Togaim's Armour Emporium.
 48799 | Elf:3    | You are cast into the Abyss!
 48799 | Abyss:2  | Found a corrupted altar of Lugonu.
 48799 | Abyss:2  | Cast into level 2 of the Abyss (a deep elf sorcerer)
 48875 | Abyss:2  | Found a corrupted altar of Lugonu.
 48887 | Abyss:2  | Reached skill level 15 in Fighting
 48986 | Abyss:2  | Found a corrupted altar of Lugonu.
 49143 | Abyss:2  | Found a corrupted altar of Lugonu.
 49268 | Abyss:2  | Noticed a bone dragon
 49269 | Abyss:2  | Found a corrupted altar of Lugonu.
 49311 | Abyss:2  | Paralysed by you for 1 turns
 49328 | Abyss:2  | Reached XP level 20. HP: 156/156 MP: 27/27
 49362 | Elf:3    | You pass through the gate.
 49362 | Elf:3    | Escaped the Abyss
 49443 | Elf:3    | Identified the amulet of Onlyohots {Acrobat *Corrode rF+
                  | Will+}
 49465 | Elf:3    | Reached skill level 16 in Fighting
 49465 | Elf:3    | Noticed a Tzitzimitl
 50162 | Elf:3    | Noticed a Tzitzimitl
 50165 | Elf:3    | Reached skill level 5 in Evocations
 50190 | Elf:3    | Identified the +3 great sword of the Doomed God {freeze,
                  | rC- Str+8 Dex+3}
 50190 | Elf:3    | Identified the +1 robe of the Beginning {rF+ Will+ rCorr}
 50250 | Elf:3    | Got the Textbook on the Wind and the Oath
 50329 | Elf:3    | Reached skill level 6 in Evocations
 50329 | Elf:3    | Identified the staff of War {rF+ rN+ Will++ MP-9 Conj
                  | Necro}
 50548 | Elf:3    | Got the Codex of Company and Bewitchment
 50836 | Vaults:1 | Entered Level 1 of the Vaults
 50890 | Vaults:1 | Reached skill level 7 in Evocations
 51282 | Vaults:1 | Reached skill level 8 in Evocations
 51494 | Vaults:1 | Reached skill level 13 in Stealth
 52208 | Vaults:1 | Reached skill level 14 in Stealth
 52228 | Vaults:1 | Identified the ring "Oskeuni" {rN+ Str+2 SInv}
 52833 | Vaults:2 | Reached skill level 15 in Stealth
 53422 | Vaults:2 | Found a staircase to the Crypt.
 53467 | Vaults:2 | Reached skill level 10 in Dodging
 53978 | Vaults:2 | Learned a level 4 spell: Vhi's Electric Charge
 54088 | Vaults:2 | Reached skill level 1 in Air Magic
 54092 | Vaults:2 | Reached skill level 2 in Air Magic
 54337 | Vaults:2 | Paralysed by a formless jellyfish for 1 turns
 54341 | Vaults:2 | Reached skill level 3 in Air Magic
 54593 | Vaults:2 | Reached XP level 21. HP: 205/205 MP: 31/31
 54594 | Vaults:2 | Reached skill level 4 in Air Magic
 54690 | Vaults:2 | Reached skill level 5 in Air Magic
 55125 | Vaults:3 | Reached skill level 6 in Air Magic
 55136 | Vaults:3 | Reached skill level 1 in Translocations
 55148 | Vaults:3 | Reached skill level 2 in Translocations
 55153 | Vaults:3 | Found Xoazxy's Assorted Antiques.
 55274 | Vaults:3 | Found Imnogam's Book Boutique.
 55330 | Vaults:3 | Found a flickering gateway to a bazaar.
 55346 | Bazaar   | Entered a bazaar
 55346 | Bazaar   | Found Woemun's Antique Weapon Shoppe.
 55346 | Bazaar   | Found Zihefo Rooth's Jewellery Shoppe.
 55386 | Bazaar   | Found Exekh's Distillery.
 55402 | Bazaar   | Found Eghixuokhlu's Antique Armour Boutique.
 55413 | Bazaar   | Found Gec Utot's General Store.
 55421 | Bazaar   | Bought a wand of quicksilver (3) for 100 gold pieces
 55421 | Bazaar   | Bought a wand of mindburst (9) for 100 gold pieces
 55421 | Bazaar   | Bought a scroll of teleportation for 24 gold pieces
 55457 | Bazaar   | Bought a potion of cancellation for 72 gold pieces
 55457 | Bazaar   | Bought a potion of heal wounds for 45 gold pieces
 55457 | Bazaar   | Bought a potion of curing for 27 gold pieces
 55457 | Bazaar   | Bought a potion of cancellation for 72 gold pieces
 55457 | Bazaar   | Bought a potion of invisibility for 72 gold pieces
 55457 | Bazaar   | Bought a potion of curing for 27 gold pieces
 55457 | Bazaar   | Bought a potion of lignification for 27 gold pieces
 55468 | Bazaar   | Bought the amulet "Ufueleil" {Reflect Regen+ Dex+3 SH+5}
                  | for 606 gold pieces
 55468 | Bazaar   | Bought the amulet of Vitality {RegenMP++ Regen++} for 1400
                  | gold pieces
 55468 | Bazaar   | Found the amulet of Vitality {RegenMP++ Regen++}
 55553 | Vaults:3 | Reached skill level 3 in Translocations
 55675 | Vaults:3 | Reached skill level 4 in Translocations
 55752 | Vaults:3 | Bought a scroll of teleportation for 126 gold pieces
 55903 | Vaults:3 | Reached skill level 5 in Translocations
 55911 | Vaults:3 | Reached skill level 6 in Translocations
 56147 | Vaults:3 | Reached skill level 7 in Air Magic
 56347 | Vaults:3 | Reached skill level 7 in Translocations
 56354 | Vaults:3 | Reached skill level 1 in Spellcasting
 56688 | Vaults:3 | Reached skill level 2 in Spellcasting
 56911 | Vaults:4 | Reached skill level 3 in Spellcasting
 56977 | Vaults:4 | Reached skill level 4 in Spellcasting
 57142 | Vaults:4 | Reached skill level 5 in Spellcasting
 57324 | Vaults:4 | Reached skill level 8 in Translocations
 57395 | Vaults:4 | Found Moivesunn's Magic Scroll Boutique.
 57406 | Vaults:5 | Entered Level 5 of the Vaults
 57421 | Vaults:4 | Found Esofuc's Antique Armour Boutique.
 57430 | Vaults:4 | Reached skill level 9 in Translocations
 57529 | Vaults:4 | Bought a scroll of blinking for 142 gold pieces
 57529 | Vaults:4 | Bought a scroll of summoning for 180 gold pieces
 57543 | Vaults:4 | Found Jaray's Distillery.
 57552 | Vaults:4 | Bought a potion of heal wounds for 95 gold pieces
 57707 | Vaults:4 | Reached XP level 22. HP: 205/205 MP: 29/32
 57860 | Vaults:4 | Paralysed by a formless jellyfish for 1 turns
 58241 | Depths:1 | Entered Level 1 of the Depths
 58256 | Depths:1 | Reached skill level 17 in Fighting
 58278 | Depths:1 | You are sucked into a shaft and drop 1 floor!
 58487 | Depths:1 | Reached skill level 18 in Fighting
 58605 | Depths:1 | HP: 18/330 [deep troll shaman simulacrum[a necromancer]
                  | (16)]
 58606 | Depths:1 | Mangled by a deep troll simulacrum

Vanquished Creatures
  Saint Roka (Orc:2)
  Norris (Elf:1)
  2 deep elf blademasters (Elf:3)
  2 deep elf master archers (Elf:3)
  2 tengu reavers
  2 tentacled starspawn (Abyss:2)
  2 thorn hunters
  Donald (Elf:3)
  14 nagarajas
  A fenstrider witch (Swamp:3)
  2 frost giants
  8 vault wardens
  A fire giant (Depths:1)
  6 deep elf sorcerers
  4 deep elf elementalists (Elf:3)
  17 ironbound preservers
  2 stone giants
  4 formless jellyfish
  A very ugly thing (Abyss:2)
  Nessos (D:14)
  5 ironbound thunderhulks
  Azrael (Orc:2)
  4 deep elf demonologists (Elf:3)
  3 deep elf annihilators
  3 deep elf death magi (Elf:3)
  3 eleionomae
  15 dire elephants
  2 war gargoyles (Vaults:4)
  4 bunyips
  3 ettins
  Snorg (D:12)
  Josephine (Lair:3)
  An entropy weaver (Vaults:3)
  3 great orbs of eyes
  2 deep elf high priests (Elf:3)
  2 shambling mangroves (Swamp:4)
  2 rakshasas (D:15)
  9 vault guards
  2 ice dragons (Depths:1)
  7 anacondas
  7 yaktaur captains
  5 salamander tyrants (Snake:4)
  7 alligators
  19 hydras
  A spriggan air mage (Depths:1)
  A peacekeeper (Vaults:4)
  4 boulder beetles
  An ogre mage (D:13)
  Erica (D:10)
  A caustic shrike simulacrum (Abyss:2)
  6 two-headed ogres
  20 dancing weapons
  6 ghost crabs
  4 death yaks (Lair:5)
  8 ironbound frosthearts
  16 centaur warriors
  2 deep troll shamans (Depths:1)
  3 tengu warriors
  2 deep troll earth magi (Depths:1)
  7 shock serpents
  A vampire mage (Vaults:2)
  12 naga warriors
  4 occultists
  9 naga sharpshooters
  Sonja (D:12)
  A spriggan berserker (Depths:2)
  2 thrashing horrors (Abyss:2)
  Nergalle (D:10)
  A soul eater (Abyss:2)
  A sun demon (Lair:5)
  15 deep elf knights
  2 wretched stars (Abyss:2)
  10 hell knights (Depths:1)
  A fire crab (Lair:5)
  An iron troll (Depths:1)
  Amaemon (D:9)
  2 salamander mystics
  6 skysharks
  7 goliath frogs
  A glowing orange brain (Depths:1)
  4 mana vipers
  A flayed ghost (Depths:2)
  66 deep trolls
  7 swamp dragons
  5 spriggan druids
  14 ironbound convokers
  6 lindwurms
  5 bog bodies
  2 naga ritualists (Snake:4)
  3 arcanists
  21 deep elf zephyrmancers
  11 deep elf archers
  3 orc knights
  15 deep elf pyromancers
  4 cyclopes
  5 necromancers
  24 ugly things
  4 orc sorcerers
  6 will-o-the-wisps
  4 large abominations (Abyss:2)
  2 manticores (D:15)
  13 salamanders
  4 guardian serpents
  34 elephants
  12 naga magi
  A centaur zombie (D:15)
  26 black mambas
  2 apocalypse crabs (Abyss:2)
  A smoke demon (Lair:5)
  13 vault sentinels
  2 molten gargoyles
  4 torpor snails
  5 orange demons
  2 centaur skeletons (D:15)
  A gargoyle (Volcano)
  22 cane toads
  12 rime drakes
  Jeremiah (D:7)
  A komodo dragon (shapeshifter) (Elf:1)
  A redback zombie (D:15)
  10 komodo dragons
  An unseen horror (D:11)
  43 yaktaurs
  2 efreet
  A freezing wraith (D:14)
  An ancient zyme (Abyss:2)
  2 tengu conjurers
  4 red devils (Lair:5)
  12 tyrant leeches
  A burning bush (Lair:5)
  3 polar bears
  3 bloated husks
  A snapping turtle (shapeshifter) (Elf:3)
  A troll (D:12)
  16 hornets
  A polar bear (shapeshifter) (Elf:1)
  A hornet (shapeshifter) (D:15)
  21 blink frogs
  2 raiju (Abyss:2)
  A dream sheep (Lair:4)
  A jumping spider (Vaults:3)
  48 slime creatures
  3 air elementals (Elf:3)
  6 water elementals
  11 spriggans
  5 wraiths (Lair:3)
  A yak (shapeshifter) (Abyss:2)
  A shadow (D:10)
  51 yaks
  3 wyverns
  A ynoxinul (Abyss:2)
  A basilisk (D:15)
  4 vampires
  3 fire bats (Volcano)
  A steam dragon (D:6)
  A neqoxec (Abyss:2)
  7 fire elementals
  2 chaos spawn (Abyss:2)
  5 starcursed masses (Abyss:2)
  2 wargs
  3 vampire mosquitoes (D:12)
  2 redbacks (Vaults:3)
  30 nagas
  11 swamp worms
  15 water moccasins
  6 hell hounds
  3 ice beasts
  36 orc warriors
  5 laughing skulls (Abyss:2)
  12 swamp drakes (Swamp:4)
  A sky beast (shapeshifter) (Elf:1)
  2 black bears
  8 ogres
  6 centaurs
  14 wolves
  8 boggarts
  16 bullfrogs
  5 kobold brigands
  A scorpion (D:4)
  4 small abominations (Abyss:2)
  5 earth elementals
  A burial acolyte (D:7)
  5 killer bees (D:9)
  An electric eel (Lair:2)
  3 howler monkeys
  3 bombardier beetles
  7 lava snakes
  2 jellies
  A quasit (Abyss:2)
  A hound (D:5)
  15 orc priests
  4 gnoll boudas
  4 iguanas
  Terence (D:2)
  27 orc wizards
  6 hell rats (Lair:4)
  A human simulacrum (D:9)
  3 hound zombies (D:7)
  19 gnolls
  11 adders
  2 shadow imps (D:7)
  A white imp (Abyss:2)
  A dart slug (D:2)
  2 ribbon worms (D:3)
  102 orcs
  7 bats
  6 endoplasms
  3 giant cockroaches
  14 goblins
  18 hobgoblins
  5 jackals
  3 quokkas
  5 ball pythons
  6 frilled lizards
  2 gnoll zombies (D:7)
  14 kobolds
  2 kobold zombies (D:7)
  5 rats
  A starspawn tentacle (Abyss:2)
1507 creatures vanquished.

Vanquished Creatures (collateral kills)
  2 hydras (Swamp:4)
  An orc wizard (D:4)
  A gnoll (D:4)
  2 orcs
6 creatures vanquished.

Vanquished Creatures (others)
  A centaur warrior (D:13)
  A deep elf knight (Elf:3)
  A kobold brigand (D:10)
  A human simulacrum (D:9)
  3 kobolds (D:10)
  12 foxfires
  A starspawn tentacle (Abyss:2)
20 creatures vanquished.

Grand Total: 1533 creatures vanquished

Table legend: (Time is in decaauts)
 A = Elapsed time spent in this place.
 B = Non-inter-level travel time spent in this place.
 C = Inter-level travel time spent in this place.
 D = Time resting spent in this place.
 E = Time spent auto-exploring this place.
 F = Levels seen in this place.
 G = Mean time per level.
                   A        B        C        D        E       F      G
               +--------+--------+--------+--------+--------+-----+--------+
         Total |  63103 |  58568 |   4535 |  12028 |  36610 |  44 | 1434.2 |
       Dungeon |  22601 |  20289 |   2312 |   3037 |  14111 |  15 | 1506.7 |
        Temple |     47 |     29 |     18 |      0 |      0 |   1 |   47.0 |
          Lair |  13403 |  12335 |   1068 |   2551 |   7959 |   5 | 2680.6 |
         Swamp |   4320 |   4190 |    130 |    782 |   2573 |   4 | 1080.0 |
     Snake Pit |   5846 |   5612 |    234 |   1651 |   3036 |   4 | 1461.5 |
  Orcish Mines |   2764 |   2522 |    242 |    670 |   1223 |   2 | 1382.0 |
   Elven Halls |   5014 |   4838 |    176 |   1881 |   2093 |   3 | 1671.3 |
        Vaults |   7020 |   6669 |    351 |    581 |   5029 |   5 | 1404.0 |
        Depths |    324 |    324 |      0 |    183 |      1 |   2 |  162.0 |
         Abyss |    512 |    512 |      0 |    271 |     58 |   1 |  512.0 |
        Bazaar |    140 |    140 |      0 |      0 |     92 |   1 |  140.0 |
       Volcano |   1108 |   1108 |      0 |    416 |    434 |   1 | 1108.0 |
               +--------+--------+--------+--------+--------+-----+--------+

Top non-repeatable levels by time:
  Lair:5: 2935 daAuts
  Lair:3: 2908 daAuts
  Lair:1: 2644 daAuts
  Lair:2: 2545 daAuts
 Snake:4: 2422 daAuts
  Lair:4: 2370 daAuts
   Orc:2: 2367 daAuts
   Elf:3: 2329 daAuts
Vaults:2: 2291 daAuts
     D:9: 2079 daAuts
Vaults:1: 1933 daAuts
     D:4: 1928 daAuts
     D:6: 1895 daAuts
    D:12: 1774 daAuts
   Elf:1: 1758 daAuts

Table legend:
 A = Non-vault XP
 B = Vault XP
 C = Vault XP percentage of total XP
 D = Non-vault monster count
 E = Vault monster count
 F = Vault count percentage of total count
                 A         B        C        D         E       F
            +---------+---------+-------+---------+---------+-------
      Total |  421839 |  222536 |  34.5 |    1045 |     468 |  30.9
            +---------+---------+-------+---------+---------+-------
        D:1 |      42 |       0 |   0.0 |      25 |       0 |   0.0
        D:2 |      82 |      36 |  30.5 |      21 |       1 |   4.5
        D:3 |      96 |       0 |   0.0 |      23 |       0 |   0.0
        D:4 |     633 |      63 |   9.1 |      29 |      25 |  46.3
        D:5 |     348 |       0 |   0.0 |      16 |       0 |   0.0
        D:6 |    1850 |     150 |   7.5 |      19 |       7 |  26.9
        D:7 |    1873 |     537 |  22.3 |      31 |      11 |  26.2
        D:8 |     690 |       0 |   0.0 |      15 |       0 |   0.0
        D:9 |    2599 |    1195 |  31.5 |      22 |       3 |  12.0
       D:10 |    2408 |    1617 |  40.2 |      20 |       2 |   9.1
       D:11 |    3357 |     138 |   3.9 |       9 |       4 |  30.8
       D:12 |    3692 |    1732 |  31.9 |       9 |       2 |  18.2
       D:13 |    6716 |    7928 |  54.1 |      10 |      18 |  64.3
       D:14 |    8855 |    1065 |  10.7 |      19 |       1 |   5.0
       D:15 |   11015 |    5593 |  33.7 |      32 |      10 |  23.8
     Lair:1 |    7774 |    1659 |  17.6 |      25 |       6 |  19.4
     Lair:2 |    4459 |    3411 |  43.3 |      20 |       9 |  31.0
     Lair:3 |   13359 |    1967 |  12.8 |      33 |       6 |  15.4
     Lair:4 |    8522 |    8374 |  49.6 |      37 |      27 |  42.2
     Lair:5 |   15718 |   11869 |  43.0 |      41 |      29 |  41.4
    Swamp:1 |   11845 |       0 |   0.0 |      20 |       0 |   0.0
    Swamp:2 |    8790 |       0 |   0.0 |      18 |       0 |   0.0
    Swamp:3 |   18040 |       0 |   0.0 |      28 |       0 |   0.0
    Swamp:4 |   13815 |   18173 |  56.8 |      29 |      32 |  52.5
    Snake:1 |   10956 |       0 |   0.0 |      20 |       0 |   0.0
    Snake:2 |   11737 |    1492 |  11.3 |      22 |       3 |  12.0
    Snake:3 |   11327 |       0 |   0.0 |      23 |       0 |   0.0
    Snake:4 |   11257 |   37291 |  76.8 |      23 |      47 |  67.1
      Orc:1 |    1119 |       0 |   0.0 |      15 |       0 |   0.0
      Orc:2 |    2885 |    9510 |  76.7 |      35 |      73 |  67.6
      Elf:1 |   19799 |   12824 |  39.3 |      32 |      16 |  33.3
      Elf:2 |   10737 |    4973 |  31.7 |      16 |       6 |  27.3
      Elf:3 |   13886 |   27732 |  66.6 |      24 |      24 |  50.0
   Vaults:1 |   26985 |    6796 |  20.1 |      42 |      10 |  19.2
   Vaults:2 |   22032 |   25035 |  53.2 |      36 |      39 |  52.0
   Vaults:3 |   42394 |    7617 |  15.2 |      63 |      16 |  20.3
   Vaults:4 |   43652 |   17289 |  28.4 |      59 |      22 |  27.2
   Depths:1 |   24309 |       0 |   0.0 |      33 |       0 |   0.0
   Depths:2 |    5738 |    2932 |  33.8 |      10 |       4 |  28.6
    Abyss:2 |   16448 |       0 |   0.0 |      41 |       0 |   0.0
    Volcano |       0 |    3538 | 100.0 |       0 |      15 | 100.0
            +---------+---------+-------+---------+---------+-------
